 Dungeon Crawl Stone Soup version 0.24-a0-446-g87df720 (webtiles) character file.

Game seed: 3649625347613908407

36 robertstho the Magician (level 3, 0/24 HPs)
             Began as a Demonspawn Wizard on June 24, 2019.
             Slain by a hound (3 damage)
             ... on level 2 of the Dungeon.
             The game lasted 00:04:11 (1825 turns).

robertstho the Magician (Demonspawn Wizard)         Turns: 1825, Time: 00:04:12

Health: 0/24       AC:  7    Str:  7    XL:     3   Next: 19%
Magic:  1/8        EV: 10    Int: 24    God:
Gold:   49         SH:  0    Dex: 11    Spells: 4/9 levels left

rFire    . . .     SeeInvis .   n - -1 dagger (curse)
rCold    . . .     Gourm    .   (no shield)
rNeg     . . .     Faith    .   p - +0 ring mail (curse)
rPois    .         Spirit   .   b - +0 hat
rElec    .         Reflect  .   (no cloak)
rCorr    .         Harm     .   (no gloves)
MR       .....                  (no boots)
Stlth    +.........             (no amulet)
HPRegen  0.08/turn              f - +4 ring of intelligence
MPRegen  0.11/turn              (no ring)

@: very slightly contaminated
A: thin metallic scales 1
a: no special abilities


You were on level 2 of the Dungeon.
You were not hungry.

You visited 1 branch of the dungeon, and saw 2 of its levels.

You collected 49 gold pieces.

Inventory:

Hand Weapons
 n - a cursed -1 dagger (weapon)
Missiles
 h - 3 javelins (quivered)
 i - 25 sling bullets
 k - 38 stones
Armour
 a - a +0 robe
 b - a +0 hat (worn)
 p - a cursed +0 ring mail (worn)
Jewellery
 f - a +4 ring of intelligence (left hand)
Scrolls
 e - 2 scrolls of remove curse {unknown}
 m - 3 scrolls of identify {unknown}
Potions
 c - a potion of curing
 g - a potion of resistance {unknown}
 j - a potion of lignification {unknown}
 l - a potion of haste {unknown}
 o - 2 potions of brilliance {unknown}
Comestibles
 d - 5 rations


   Skills:
 + Level 0.2 Fighting
 + Level 2.0 Dodging
 + Level 2.0 Stealth
 + Level 3.5 Spellcasting
 + Level 1.8 Conjurations
 + Level 1.0 Summonings
 + Level 0.8 Translocations


You had 4 spell levels left.
You knew the following spells:

 Your Spells              Type           Power        Failure   Level  Hunger
a - Magic Dart            Conj           ##..         17%         1    None
b - Call Imp              Summ           #.......     36%         2    #......
c - Blink                 Tloc           N/A          36%         2    #......

Your spell library contained the following spells:

 Spells                   Type           Power        Failure   Level  Hunger
 Slow                     Hex            #.......     50%         2    #......
 Conjure Flame            Conj/Fire      #.......     58%         3    ###....
 Mephitic Cloud           Conj/Pois/Air  #.......     63%         3    ###....


Dungeon Overview and Level Annotations

Branches:
Dungeon (2/15)

Altars:


Innate Abilities, Weirdness & Mutations

You are partially covered in thin metallic scales. (AC +2)


Message History

You throw a javelin. The javelin barely misses the hound.
The hound completely misses you. The hound bites you.
* * * LOW HITPOINT WARNING * * *
Throwing (i - inventory. (/) - cycle)
h - 6 javelins (quivered)
Press: ? - help, Shift-Dir - straight line, f/p - hound
Aim: a hound (almost dead)
You throw a javelin. The javelin barely misses the hound.
The hound bites you but does no damage. The hound barely misses you. x2
Throwing (i - inventory. (/) - cycle)
h - 5 javelins (quivered)
Press: ? - help, Shift-Dir - straight line, f/p - hound
Aim: a hound (almost dead)
You throw a javelin. The javelin closely misses the hound.
The hound closely misses you. The hound bites you but does no damage.
Throwing (i - inventory. (/) - cycle)
h - 4 javelins (quivered)
Press: ? - help, Shift-Dir - straight line, f/p - hound
Aim: a hound (almost dead)
You throw a javelin. The javelin closely misses the hound.
The hound bites you.
* * * LOW HITPOINT WARNING * * *
The hound bites you.
You die...

# .?.###.##
#.........
.#.....# ..>...#
####.....#
###........#
#.#(.........#
#.#h######..?#
#†#@#### ......#
#########......#
.?.####
........+......#
####
#....#......#
##<#÷.....#
#.........#
#....#...[..#
.......#......#
######.#......#


You could see a hound.

Vanquished Creatures
  2 dart slugs
  3 leopard geckos (D:1)
  A bat (D:1)
  2 giant cockroaches (D:1)
  2 goblins (D:1)
  4 hobgoblins (D:1)
  3 kobolds
  2 frilled lizards (D:1)
  9 rats (D:1)
28 creatures vanquished.

Notes
Turn   | Place    | Note
-------+----------+-------------------------------------------
     0 | D:1      | robertstho the Demonspawn Wizard began the quest for the
                  | Orb.
     0 | D:1      | Reached XP level 1. HP: 13/13 MP: 4/4
   499 | D:1      | Gained mutation: You are partially covered in thin metallic
                  | scales. (AC +2) [demonic ancestry]
   499 | D:1      | Reached XP level 2. HP: 17/19 MP: 3/6
   686 | D:1      | Learned a level 2 spell: Call Imp
   689 | D:1      | Learned a level 2 spell: Blink
  1086 | D:1      | Reached XP level 3. HP: 24/24 MP: 2/7
  1825 | D:2      | Slain by a hound

Levels and vault maps discovered:
D:1:      onia_arrival_larder, layout_loops_cross, amethyst_killhole
D:2:      layout_basic, nicolae_overflow_crystal_walls

Skill      XL: |  1  2 |
---------------+-------+-----
Dodging        | 2 |  2.0
Stealth        | 2 |  2.0
Fighting       | |  0.2
Spellcasting   | |  3.5
Conjurations   | |  1.8
Summonings     | |  1.0
Translocations | |  0.8

Action                   || total
-------------------------++-------
Melee: Unarmed           ||    28
       Dagger            ||    45
Throw: Javelin           ||     4
 Cast: Magic Dart        ||    85
  Use: Potion            ||     1
  Eat: Chunk             ||     3
Armor: Robe              ||    16
       Ring mail         ||    35
Dodge: Dodged            ||    67

Table legend:
 A = Non-vault XP
 B = Vault XP
 C = Vault XP percentage of total XP
 D = Non-vault monster count
 E = Vault monster count
 F = Vault count percentage of total count
                 A         B        C        D         E       F
            +---------+---------+-------+---------+---------+-------
      Total |      44 |       8 |  15.4 |      22 |       6 |  21.4
            +---------+---------+-------+---------+---------+-------
        D:1 |      38 |       8 |  17.4 |      20 |       6 |  23.1
        D:2 |       6 |       0 |   0.0 |       2 |       0 |   0.0
            +---------+---------+-------+---------+---------+-------
